 Dungeon Crawl Stone Soup version 0.29.1-15-g9cfb28693d (webtiles) character file.

Game seed: 8392241752455849142

151 Hugehornet the Covert (level 5, 0/37 HPs)
             Began as an Octopode Brigand on Mar 19, 2023.
             Succumbed to an adder's poison
             ... on level 3 of the Dungeon.
             The game lasted 00:03:58 (2432 turns).

Hugehornet the Covert (Octopode Brigand)            Turns: 2432, Time: 00:03:58

Health: 0/37       AC:  1    Str: 11    XL:     5   Next: 33%
Magic:  5/5        EV: 16    Int: 15    God:
Gold:   168        SH:  0    Dex: 13    Spells: 4/4 levels left

rFire   . . .      SeeInvis .   p - +0 dagger (elec)
rCold   . . .      Faith    .   (no shield)
rNeg    . . .      Spirit   .   (helmet restricted)
rPois   .          Reflect  .   (no amulet)
rElec   .          Harm     .   e - +4 ring of evasion
rCorr   .          Rampage  .   (no ring)
Will    .....                   (no ring)
Stlth   +++++.....              (no ring)
HPRegen 0.12/turn               (no ring)
MPRegen 0.09/turn               (no ring)
                                (no ring)
                                (no ring)

@: mighty, lethally poisoned (0 -> -3)
A: almost no armour, amphibious, 8 rings, camouflage 1, gelatinous body 1,
(nimble swimmer 1), tentacles, tentacle spike 1, robust 1
a: no special abilities


You were on level 3 of the Dungeon.
You visited 1 branch of the dungeon, and saw 3 of its levels.

You collected 168 gold pieces.

Inventory:

Hand Weapons
 a - a +2 dagger
 p - a +0 dagger of electrocution (weapon)
Missiles
 b - 9 poisoned darts (quivered)
 c - 3 curare-tipped darts
Jewellery
 e - a +4 ring of evasion (left tentacle)
Scrolls
 f - a scroll of teleportation {unknown}
 g - 3 scrolls of noise {unknown}
 h - a scroll of fear {unknown}
 j - 5 scrolls of identify {unknown}
 k - a scroll of brand weapon {unknown}
 l - a scroll of torment {unknown}
 q - a scroll of blinking {unknown}
 r - a scroll of immolation {unknown}
Potions
 m - a potion of flight {unknown}
 n - a potion of mutation
 o - a potion of cancellation {unknown}


   Skills:
 - Level 2.0 Fighting
 - Level 2.0 Short Blades
 - Level 2.0 Throwing
 - Level 1.0 Dodging
 + Level 9.0 Stealth


You had 4 spell levels left.
You didn't know any spells.
Your spell library contained the following spells:

 Spells                   Type           Power      Damage    Failure   Level
 Ignite Poison            Fire/Tmut/Pois 0%         N/A       63%         3
 Mephitic Cloud           Conj/Pois/Air  0%         N/A       63%         3
 Freezing Cloud           Conj/Ice/Air   0%         6-21      100%        5


Dungeon Overview and Level Annotations

Branches:
Dungeon (3/15)

Altars:

Shops:
D:1 (


Innate Abilities, Weirdness & Mutations

You cannot wear most types of armour.
You are amphibious.
You can wear up to eight rings at the same time.
Your skin changes colour to match your surroundings (Stealth+).
Your rubbery body absorbs attacks. (AC +1, EV +1)
((You are camouflaged when in or above water. (Stealth+)))
You have tentacles for arms and can constrict up to eight enemies at once.
One of your tentacles bears a spike.
You are robust. (+10% HP)


Message History

The adder is moderately wounded.
The adder completely misses you.
The orc hits you from afar with a +0 trident!
The adder barely misses you. The adder bites you but does no damage.
The orc barely misses you. The adder closely misses you.
An orc comes into view. It is wielding a +0 mace.
The adder attacks as you move away! The adder closely misses you.
The adder misses you.
The helpless orc fails to defend itself.
You stick the orc like a pincushion!!!
You kill the orc!
The adder bites you. The orc closely misses you.
The adder attacks as you move away! The adder barely misses you.
The adder bites you.
You see here a +0 mace.
A goblin comes into view. It is wielding a +0 dagger.
Found a scroll labelled KEALEANTIE.
Found a stone staircase leading up.
An endoplasm comes into view.
The endoplasm quivers.
The adder completely misses you.
The endoplasm moves out of view.
A giant cockroach comes into view.
The adder attacks as you move away! The adder misses you.
The endoplasm completely misses you. The adder closely misses you.
The adder attacks as you move away! The adder barely misses you.
The endoplasm attacks as you move away! The endoplasm barely misses you.
The adder misses you. The orc closely misses you. The adder bites you.
You are poisoned.
The adder poisons you!
You feel sick.
The orc hits you from afar with a +0 trident!
* * * LOW HITPOINT WARNING * * *
The adder attacks as you move away! The adder bites you.
* * * LOW HITPOINT WARNING * * *
x2 You feel sick.
There is a stone staircase leading up here.
It was a potion of might.
You feel very mighty all of a sudden.
You die...

##### #...# #...#
#...######
#..........
#..........#
#..........#
#.@.......g#
#.SJ.......#
##.o.oo.....###
#.............#
#..#...l....?#..##
....##....o....#
..# .####
#......o.####.##
#...####..).#..#
#.... ####....#


You could see an adder, 5 orcs, an endoplasm and a frilled lizard.

Vanquished Creatures
  Jessica (D:2)
  An orc wizard (D:2)
  3 adders
  A worm (D:2)
  A dart slug (D:1)
  7 orcs
  3 bats
  7 endoplasms
  4 giant cockroaches
  8 goblins
  6 hobgoblins
  2 kobolds
  2 quokkas
  6 ball pythons
  2 frilled lizards
  4 rats
58 creatures vanquished.

Vanquished Creatures (others)
  A worm (D:2)
  An orc (D:2)
2 creatures vanquished.

Grand Total: 60 creatures vanquished

Notes
Turn   | Place    | Note
-------+----------+-------------------------------------------
     0 | D:1      | Hugehornet the Octopode Brigand began the quest for the
                  | Orb.
     0 | D:1      | Reached XP level 1. HP: 14/14 MP: 1/1
   101 | D:1      | Reached skill level 6 in Stealth
   101 | D:1      | Reached XP level 2. HP: 17/19 MP: 2/2
   326 | D:1      | Found Kapoyhatzi's Weapon Emporium.
   795 | D:2      | Reached XP level 3. HP: 24/24 MP: 3/3
   864 | D:2      | Found a faded altar of an unknown god.
  1052 | D:2      | Noticed Jessica
  1063 | D:2      | Killed Jessica
  1064 | D:2      | Reached skill level 7 in Stealth
  1084 | D:2      | Reached XP level 4. HP: 19/29 MP: 4/4
  1736 | D:2      | Gained mutation: One of your tentacles bears a spike.
                  | [potion of mutation]
  1736 | D:2      | Gained mutation: You are robust. (+10% HP) [potion of
                  | mutation]
  1740 | D:2      | Reached skill level 8 in Stealth
  2304 | D:3      | Reached XP level 5. HP: 37/37 MP: 5/5
  2390 | D:3      | Reached skill level 9 in Stealth
  2431 | D:3      | HP: 1/37 [poisoned by an adder]
  2432 | D:3      | Succumbed to an adder's poison

Illustrated notes

Levels and vault maps discovered:
D:1:      minmay_arrival_open_corners, layout_loops_cross, serial_shops, shop,
          minmay_misc_feat_doors
D:2:      wad_pebble_path, layout_basic, chequers_ecumenical_altar_island,
          lemuel_flame_loot_1, uniq_jessica
D:3:      layout_rooms, corexii_hall_statues_l, minmay_liquid_box, uniq_natasha

Skill      XL: |  1  2  3  4  5 |
---------------+----------------+-----
Stealth        | 6 7 8 9 |  9.0
Fighting       | |  2.0
Short Blades   | |  2.0
Throwing       | |  2.0
Dodging        | |  1.0

Action                   |  1- 3 |  4- 6 || total
-------------------------+-------+-------++-------
Melee: Dagger            |    40 |    64 ||   104
       Constrict         |     8 |    10 ||    18
       Tentacles         |     9 |    13 ||    22
       Kick              |       |    14 ||    14
  Use: Potion            |       |     6 ||     6
 Stab: Sleeping          |    13 |    13 ||    26
       Distracted        |     1 |       ||     1
Armor: Skin              |     2 |     4 ||     6
Dodge: Dodged            |    10 |    57 ||    67
